 Dungeon Crawl Stone Soup version 0.25-a0-435-g4b9beb1024 (webtiles) character file.

Game seed: 3128929222832313779, levelgen mode: deterministic

16 MisterFreud the Slasher (level 2, -1/19 HPs)
             Began as an Octopode Gladiator on Jan 28, 2020.
             Slain by a leopard gecko (2 damage)
             ... on level 1 of the Dungeon.
             The game lasted 00:00:41 (272 turns).

MisterFreud the Slasher (Octopode Gladiator)         Turns: 272, Time: 00:00:41

Health: -1/19      AC:  1    Str: 13    XL:     2   Next: 58%
Magic:  2/2        EV: 14    Int: 10    God:
Gold:   0          SH:  0    Dex: 13    Spells: 1/1 levels left

rFire    . . .     SeeInvis .   a - +0 long sword
rCold    . . .     Gourm    .   (no shield)
rNeg     . . .     Faith    .   b - +0 hat
rPois    .         Spirit   .   (no amulet)
rElec    .         Reflect  .   (no ring)
rCorr    .         Harm     .   (no ring)
MR       .....                  (no ring)
Stlth    ++........             (no ring)
HPRegen  0.06/turn              (no ring)
MPRegen  0.08/turn              (no ring)
                                (no ring)
                                (no ring)

@: no status effects
A: almost no armour, stealthy swim, amphibious, 8 rings, constrict 8, camouflage
1, gelatinous body 1
a: no special abilities


You were on level 1 of the Dungeon.
You were not hungry.

You visited 1 branch of the dungeon, and saw 1 of its levels.

Inventory:

Hand Weapons
 a - a +0 long sword (weapon)
Missiles
 c - 3 throwing nets (quivered)
 g - 20 stones
 h - 14 bolts
Armour
 b - a +0 hat (worn)
Scrolls
 i - a scroll of amnesia {unknown}
 j - a scroll of identify {unknown}
 k - a scroll of magic mapping {unknown}
 l - a scroll of enchant armour {unknown}
Potions
 e - a potion of heal wounds {unknown}
Comestibles
 d - a ration
 f - 6 chunks of flesh


   Skills:
 - Level 2.0 Fighting
 + Level 3.8 Long Blades
 - Level 2.0 Throwing
 - Level 3.0 Dodging


You had one spell level left.
You didn't know any spells.
Your spell library was empty.

Dungeon Overview and Level Annotations

Branches:
Dungeon (1/15)

Altars:


Innate Abilities, Weirdness & Mutations

You cannot wear most types of armour.
You are very stealthy in the water. (Stealth+)
You are amphibious.
You can wear up to eight rings at the same time.
You can use your tentacles to constrict eight enemies at once.
Your skin changes colour to match your surroundings (Stealth+).
Your rubbery body absorbs attacks. (AC +1, EV +1)


Message History

You barely miss the hobgoblin. Your grab misses the hobgoblin.
The hobgoblin is severely wounded.
The hobgoblin closely misses you.
You riposte.
You completely miss the hobgoblin. Your grab misses the hobgoblin.
The hobgoblin is severely wounded.
You closely miss the hobgoblin. You grab the hobgoblin.
You squeeze the hobgoblin.
You kill the hobgoblin!
The leopard gecko bites you but does no damage.
The giant cockroach bites you.
* * * LOW HITPOINT WARNING * * *
You closely miss the leopard gecko. You grab the leopard gecko.
Your squeeze misses the leopard gecko.
You constrict the leopard gecko, but do no damage.
The leopard gecko bites you.
* * * LOW HITPOINT WARNING * * *
The giant cockroach bites you.
* * * LOW HITPOINT WARNING * * *
The leopard gecko bites you.
You die...

#. #. #.l #..
.# #..# #.#
#..s## #..#
#..## #..#
##s.###..#
#@l..#..#
#......# .#
#......#### .#
#####........#
.#
#......#####.#
.# #.####.# #
)# ##.## #># .#
######...###.#
.#
##............#


You could see a leopard gecko and a giant cockroach.

Vanquished Creatures
  A dart slug (D:1)
  2 bats (D:1)
  2 giant cockroaches (D:1)
  2 goblins (D:1)
  2 hobgoblins (D:1)
  A ball python (D:1)
  2 kobolds (D:1)
  A rat (D:1)
13 creatures vanquished.

Notes
Turn   | Place    | Note
-------+----------+-------------------------------------------
     0 | D:1      | MisterFreud the Octopode Gladiator began the quest for the
                  | Orb.
     0 | D:1      | Reached XP level 1. HP: 14/14 MP: 1/1
   120 | D:1      | Reached XP level 2. HP: 17/19 MP: 2/2
   272 | D:1      | Slain by a leopard gecko

Levels and vault maps discovered:
D:1:      dpeg_arrival_simpleton_b, layout_loops_ring,
          nemelex_diamond_rough_becter

Action                   || total
-------------------------++-------
Melee: Long sword        ||    26
       Constrict         ||     9
       Tentacles         ||     7
 Stab: Sleeping          ||     2
Armor: Skin              ||     8
Dodge: Dodged            ||    13
       Rpst.: Long sword ||     4

Table legend:
 A = Non-vault XP
 B = Vault XP
 C = Vault XP percentage of total XP
 D = Non-vault monster count
 E = Vault monster count
 F = Vault count percentage of total count
                 A         B        C        D         E       F
            +---------+---------+-------+---------+---------+-------
      Total |      24 |       0 |   0.0 |      13 |       0 |   0.0
            +---------+---------+-------+---------+---------+-------
        D:1 |      24 |       0 |   0.0 |      13 |       0 |   0.0
            +---------+---------+-------+---------+---------+-------
